 Dungeon Crawl Stone Soup version 0.18-b1-16-g289874d (webtiles) character file.

368 Chiseanne the Magician (level 6, 42/42 HPs)
             Began as a Demonspawn Wizard on May 1, 2016.
             Was an Initiate of Gozag.
             Quit the game on level 5 of the Dungeon.
             The game lasted 00:14:37 (5636 turns).

Chiseanne the Magician (Demonspawn Wizard)          Turns: 5636, Time: 00:14:38

Health: 42/42      AC:  5    Str:  7    XL:     6   Next: 41%
Magic:  13/13      EV: 12    Int: 21    God:    Gozag
Gold:   308        SH:  0    Dex: 12    Spells: 5 memorised, 4 levels left

rFire  . . .     SeeInvis .     a - +0 dagger (venom)
rCold  . . .     Gourm    .     e - +0 robe
rNeg   . . .     Faith    .     (no shield)
rPois  .         Spirit   .     b - +1 hat
rElec  .         Dismiss  .     (no cloak)
rCorr  .         Reflect  .     (no gloves)
SustAt .         Harm     .     r - +0 pair of boots
MR     .....                    (no amulet)
Stlth  ++........               (no ring)
                                (no ring)

@: gold aura, repel missiles, not resistant to hostile enchantments, unstealthy
A: rugged brown scales 1, powered by pain 1
a: Potion Petition, Call Merchant, Bribe Branch, Renounce Religion


You were on level 5 of the Dungeon.
You worshipped Gozag.
Gozag was noncommittal.
You were not hungry.

You visited 1 branch of the dungeon, and saw 5 of its levels.

You collected 362 gold pieces.
You paid 54 gold pieces to Gozag.

Inventory:

Hand Weapons
 a - a +0 dagger of venom (weapon)
 t - a +2 hunting sling of flaming
 w - a +1 morningstar of holy wrath
Missiles
 k - 44 sling bullets
 m - 241 stones (quivered)
 q - 14 bolts
 u - 74 arrows
 y - 15 tomahawks
 C - 4 javelins
Armour
 b - a +1 hat (worn)
 e - a +0 robe (worn)
 r - a +0 pair of boots (worn)
Jewellery
 h - an uncursed ring of sustain attributes {unknown}
 l - an uncursed ring of ice {unknown}
 x - an uncursed ring of fire {unknown}
Wands
 o - a wand of paralysis (17/24)
 A - a wand of flame (1/48)
 B - a wand of confusion (23/48)
Scrolls
 f - 3 scrolls of magic mapping
 j - 2 scrolls of teleportation
Potions
 g - a potion of haste {unknown}
 i - a potion of magic {unknown}
 n - 2 potions of might
 p - a potion of lignification {unknown}
 s - 2 potions of agility
 z - a potion of berserk rage {unknown}
Books
 c - a book of Minor Magic

   Spells                             Type                      Level
   a - Magic Dart                     Conjuration                  1
   b - Blink                          Translocation                2
   c - Call Imp                       Summoning                    2
   d - Repel Missiles                 Charms/Air                   2
   e - Slow                           Hexes                        2
   f - Conjure Flame                  Conjuration/Fire             3
   g - Mephitic Cloud                 Conjuration/Poison/Air       3
Comestibles
 d - 3 bread rations
 v - 2 meat rations
 D - 2 fruits


   Skills:
 - Level 1.7 Dodging
 - Level 1.7 Stealth
 * Level 5.2 Spellcasting
 * Level 4.5 Conjurations
   Level 1.0 Summonings
 - Level 0.8 Translocations


You had 4 spell levels left.
You knew the following spells:

 Your Spells              Type           Power        Failure   Level  Hunger
a - Magic Dart            Conj           ###.         1%          1    None
b - Blink                 Tloc           N/A          12%         2    None
c - Repel Missiles        Chrm/Air       #.....       17%         2    None
d - Mephitic Cloud        Conj/Pois/Air  ##......     21%         3    ##.....
e - Conjure Flame         Conj/Fire      ###.....     14%         3    ##.....


Dungeon Overview and Level Annotations

Branches:
Dungeon (5/15)
 Temple: D:4-7

Altars:
Dithmenos
Gozag
Vehumet


Innate Abilities, Weirdness & Mutations

You are partially covered in rugged brown scales (AC +1, +3% HP).
You sometimes gain a little power by taking damage.


Message History

Zapping:
A - a wand of flame {zapped: 2} (will waste charges)
Press: ? - help, Shift-Dir - straight line, f/p - Menkaure
Aim: Menkaure (moderately damaged)
The puff of flame hits Menkaure.
Menkaure is burned terribly!
Menkaure is severely damaged.
Evoking this partially-identified wand wasted a few charges.
Evoke which item? (* to show all) (? for menu, Esc to quit)
Zapping:
A - a wand of flame {zapped: 5} (will waste charges)
Press: ? - help, Shift-Dir - straight line, f/p - Menkaure
Aim: Menkaure (severely damaged)
The puff of flame hits Menkaure.
Menkaure is burned terribly!
You destroy Menkaure!
Your Spellcasting skill increases to level 5!
You have reached level 6!
Your experience leads to an increase in your attributes!
Increase (S)trength, (I)ntelligence, or (D)exterity?
You feel clever.
Your demonic ancestry asserts itself...
You feel energised by your suffering.
Evoking this partially-identified wand wasted a few charges.
Are you sure you want to abandon this character and quit the game? (Confirm with "yes".)

##.## #.... #..##
##... #...# ####
##...# # ##..###
##..## ## ##..## #
##..###..##
######## #.....@.##
##.......
.$.......#
##..######
..####...######..##
##..>##....##
##....##### ######


There were no monsters in sight!

Vanquished Creatures
  Menkaure (D:5)
  An iguana (D:4)
  Ijyb (D:1)
  A worker ant (D:3)
  A hound zombie (D:3)
  A hound skeleton (D:4)
  3 adders (D:2)
  An ooze (D:3)
  An adder skeleton (D:4)
  2 dart slugs (D:2)
  7 giant geckos
  7 orcs
  A ball python (D:1)
  12 bats
  3 giant cockroaches
  16 goblins
  8 hobgoblins (D:1)
  4 jackals (D:2)
  13 kobolds
  A quokka (D:2)
  7 giant newts
  A jackal skeleton (D:4)
  12 rats
105 creatures vanquished.

Vanquished Creatures (others)
  A plant (D:2)
1 creature vanquished.

Grand Total: 106 creatures vanquished

Notes
Turn   | Place    | Note
--------------------------------------------------------------
     0 | D:1      | Chiseanne the Demonspawn Wizard began the quest for the Orb.
     0 | D:1      | Reached XP level 1. HP: 13/13 MP: 4/4
   402 | D:1      | Gained mutation: You are partially covered in rugged brown scales (AC +1, +3% HP). [demonic ancestry]
   402 | D:1      | Reached XP level 2. HP: 12/19 MP: 1/6
   521 | D:1      | Learned a level 2 spell: Blink
   524 | D:1      | Learned a level 2 spell: Repel Missiles
  1145 | D:1      | Reached XP level 3. HP: 24/24 MP: 2/8
  1971 | D:2      | Reached skill level 4 in Spellcasting
  2151 | D:2      | Noticed Ijyb
  2181 | D:2      | Learned a level 3 spell: Mephitic Cloud
  2387 | D:1      | Killed Ijyb
  2387 | D:1      | Reached XP level 4. HP: 8/30 MP: 1/10
  3194 | D:2      | Learned a level 3 spell: Conjure Flame
  3201 | D:2      | Found a faded altar to an unknown god.
  3636 | D:2      | Reached XP level 5. HP: 36/36 MP: 6/11
  4680 | D:3      | Found an opulent altar of Gozag.
  4680 | D:3      | Found a shadowy altar of Dithmenos.
  4684 | D:3      | Became a worshipper of Gozag Ym Sagoz the Greedy
  4966 | D:4      | Found a radiant altar of Vehumet.
  5517 | D:5      | Entered Level 5 of the Dungeon
  5632 | D:5      | Noticed Menkaure
  5635 | D:5      | Killed Menkaure
  5635 | D:5      | Reached skill level 5 in Spellcasting
  5635 | D:5      | Gained mutation: You sometimes gain a little power by taking damage. [demonic ancestry]
  5635 | D:5      | Reached XP level 6. HP: 42/42 MP: 13/13
  5636 | D:5      | Quit the game

Skill      XL: |  1  2  3  4  5 |
---------------+----------------+-----
Conjurations   | 2 3 4 |  4.5
Spellcasting   | 4 5 |  5.2
Dodging        | |  1.7
Stealth        | |  1.7
Summonings     | |  1.0
Translocations | |  0.8

Action                   |  1- 3 |  4- 6 || total
-------------------------+-------+-------++-------
Melee: Dagger            |    21 |    84 ||   105
 Cast: Magic Dart        |    92 |   114 ||   206
       Repel Missiles    |     2 |     1 ||     3
       Blink             |    10 |     2 ||    12
       Mephitic Cloud    |     1 |     1 ||     2
       Conjure Flame     |       |     1 ||     1
Evoke: Wand              |     2 |     4 ||     6
  Use: Scroll            |     4 |     4 ||     8
       Potion            |       |     1 ||     1
 Stab: Sleeping          |       |     3 ||     3
  Eat: Chunk             |     4 |     8 ||    12
       Bread ration      |       |     1 ||     1
       Beef jerky        |       |     1 ||     1
Armor: Robe              |    29 |    33 ||    62
Dodge: Dodged            |    57 |    47 ||   104
       Deflected         |     2 |     1 ||     3
